 Dungeon Crawl Stone Soup version 0.28-a0-1235-g7c8fac35f0 (webtiles) character file.

Game seed: 14527966568810077421

319 chakani the Cleaver (level 6, 0/52 HPs)
             Began as a Hill Orc Fighter on Dec 25, 2021.
             Slain by a lemure (2 damage)
             ... led by Pikel
             ... on level 3 of the Dungeon.
             The game lasted 00:03:27 (3323 turns).

chakani the Cleaver (Hill Orc Fighter)              Turns: 3323, Time: 00:03:28

Health: 0/52       AC:  6    Str: 19    XL:     6   Next: 45%
Magic:  6/6        EV:  9    Int: 10    God:
Gold:   116        SH:  4    Dex: 10    Spells: 5/5 levels left

rFire   . . .      SeeInvis .   a - +0 war axe
rCold   . . .      Faith    .   c - +0 buckler
rNeg    . . .      Spirit   .   b - +0 scale mail
rPois   .          Reflect  .   (no helmet)
rElec   .          Harm     .   (no cloak)
rCorr   .          Rampage  .   (no gloves)
Will    .....                   (no boots)
Stlth   ..........              (no amulet)
HPRegen 0.17/turn               (no ring)
MPRegen 0.10/turn               (no ring)

@: no status effects
A: no striking features
a: no special abilities


You were on level 3 of the Dungeon.
You visited 1 branch of the dungeon, and saw 4 of its levels.

You collected 116 gold pieces.

Inventory:

Hand Weapons
 a - a +0 war axe (weapon)
Armour
 b - a +0 scale mail (worn)
 c - a +0 buckler (worn)
Jewellery
 f - an amulet of regeneration
 i - a ring of poison resistance
Scrolls
 g - 3 scrolls of identify {unknown}
 h - a scroll of enchant weapon {unknown}
Potions
 d - a potion of might
 e - 2 potions of lignification {unknown}
 j - a potion of brilliance {unknown}
 k - 2 potions of curing {unknown}
 l - a potion of invisibility {unknown}


   Skills:
 - Level 3.8 Fighting
 + Level 8.4 Axes
 - Level 3.4 Armour
 - Level 3.4 Shields


You had 5 spell levels left.
You didn't know any spells.
Your spell library was empty.

Dungeon Overview and Level Annotations

Branches:
Dungeon (4/15)
 Temple: D:4-7

Altars:

Annotations:
D:4 1 transporter, Pikel


Message History

The lemure hits you!
* * * LOW HITPOINT WARNING * * *
You hit the lemure but do no damage.
The lemure is heavily wounded.
The lemure hits you.
* * * LOW HITPOINT WARNING * * *
You barely miss the lemure.
The lemure is heavily wounded.
The lemure barely misses you.
You barely miss the lemure.
The lemure is heavily wounded.
The lemure hits you but does no damage.
You slash the lemure!
The lemure is severely wounded.
The lemure closely misses you.
You hit the lemure but do no damage.
The lemure is severely wounded.
The lemure hits you but does no damage.
You closely miss the lemure.
The lemure is severely wounded.
The lemure hits you.
* * * LOW HITPOINT WARNING * * *
You closely miss the lemure.
The lemure is severely wounded.
The lemure hits you but does no damage.
You hit the lemure.
The lemure is almost dead.
You block the lemure's attack.
Unknown command.
You closely miss the lemure.
The lemure is almost dead.
The lemure hits you but does no damage. The lemure closely misses you.
You closely miss the lemure.
The lemure is almost dead.
The lemure hits you.
* * * LOW HITPOINT WARNING * * *
You closely miss the lemure.
The lemure is almost dead.
The lemure hits you.
You die...

#### ##...# #.###.........(.....
...####...####.......###.........
.................................
#....................##....##....
....##.....................##....
.##.##.....####.###..............
###..>..#####...###..$......#...†
##............#.##..>[......###..
#......#####....@5..............#
..##..###....#.####............<#
.###...........###.............).
##.......###.....................
##.###....##.#####...)...........
.......##..#.##..................
...#######...#...............<...
.### ###......................#
## #......#....#.....#.....##


You could see a lemure.

Vanquished Creatures
  A necrophage (D:4)
  A lemure (D:3)
  A wyvern zombie (D:3)
  A hound (D:4)
  2 gnolls (D:3)
  5 adders
  2 adder skeletons (D:4)
  4 dart slugs
  2 orcs
  5 ball pythons
  7 bats
  12 endoplasms
  A giant cockroach (D:4)
  4 goblins
  5 jackals
  4 quokkas
  2 frilled lizards
  6 kobolds
  3 rats
68 creatures vanquished.

Vanquished Creatures (others)
  9 plants (D:2)
9 creatures vanquished.

Grand Total: 77 creatures vanquished

Notes
Turn   | Place    | Note
-------+----------+-------------------------------------------
     0 | D:1      | chakani the Hill Orc Fighter began the quest for the Orb.
     0 | D:1      | Reached XP level 1. HP: 19/19 MP: 1/1
   112 | D:1      | Reached XP level 2. HP: 27/27 MP: 2/2
   136 | D:1      | Reached skill level 3 in Axes
   660 | D:1      | Reached XP level 3. HP: 33/33 MP: 3/3
   672 | D:1      | Reached skill level 4 in Axes
   693 | D:1      | Found a faded altar of an unknown god.
  1519 | D:2      | Reached skill level 5 in Axes
  1708 | D:2      | Reached XP level 4. HP: 38/40 MP: 4/4
  2320 | D:3      | Reached skill level 6 in Axes
  2320 | D:3      | Reached XP level 5. HP: 9/46 MP: 5/5
  2851 | D:4      | Noticed a necrophage
  2866 | D:4      | Killed a necrophage
  2867 | D:4      | Reached skill level 7 in Axes
  2867 | D:4      | Reached XP level 6. HP: 33/52 MP: 6/6
  3034 | D:4      | Found a transporter.
  3046 | D:4      | Reached skill level 8 in Axes
  3272 | D:4      | Noticed Pikel
  3318 | D:3      | HP: 2/52 [lemure[Pikel] (4)]
  3323 | D:3      | Slain by a lemure

Illustrated notes

Levels and vault maps discovered:
D:1:      lemuel_arrival_room, layout_basic,
          shapermc_ecumenical_altar_notcrosses, minmay_misc_feat_diagonals
D:2:      layout_loops_ring, serial_bayou_lake_a
D:3:      layout_rooms
D:4:      layout_cave_pools, gammafunk_ghost_mausoleum, solitary_fountain,
          uniq_pikel

Skill      XL: |  1  2  3  4  5  6 |
---------------+-------------------+-----
Axes           | 3 5 6 7 8 |  8.4
Fighting       | |  3.8
Armour         | |  3.4
Shields        | |  3.4

Action                   |  1- 3 |  4- 6 || total
-------------------------+-------+-------++-------
Melee: War axe           |    91 |   129 ||   220
Armor: Scale mail        |    33 |    61 ||    94
Dodge: Dodged            |    31 |    64 ||    95
Block: Buckler           |    19 |    33 ||    52

Table legend: (Time is in decaauts)
 A = Elapsed time spent in this place.
 B = Non-inter-level travel time spent in this place.
 C = Inter-level travel time spent in this place.
 D = Time resting spent in this place.
 E = Time spent auto-exploring this place.
 F = Levels seen in this place.
 G = Mean time per level.
                   A        B        C        D        E       F      G
               +--------+--------+--------+--------+--------+-----+--------+
         Total |   3415 |   3302 |    113 |    607 |   2134 |   4 |  853.8 |
       Dungeon |   3415 |   3302 |    113 |    607 |   2134 |   4 |  853.8 |
               +--------+--------+--------+--------+--------+-----+--------+

Top non-repeatable levels by time:
     D:1: 1172 daAuts
     D:2: 1032 daAuts
     D:3: 851 daAuts
     D:4: 358 daAuts
